Map: Golden Wall LE

Players

JohnnyV

  • Race: Terran Terran
  • League: Bronze
  • Spawn Location: 5:00

자유의날개 - Winner!

  • Race: Zerg Zerg
  • League: Gold
  • Spawn Location: 7:00

VOD

Have the link to the VOD?

Description

Time

  • Played on: April 29, 2020, 5:05 p.m.
  • Length: 15:56
Show
View Real Time Build Order
Export as new Build Order

JohnnyV Terran 

Build Orders: Liberator Opening 

Get SALT Encoding   

  12  0:01  SCV  
  13  0:16  Supply Depot  
  13  0:17  SCV  
  14  0:30  SCV  
  15  0:40  Barracks  
  15  0:42  SCV  
  16  0:46  Refinery  
  16  0:54  SCV  
  17  1:06  SCV  
  18  1:28  Marine  
  19  1:36  Bunker  
  19  1:41  Bunker  
  19  1:47  Orbital Command  
  19  1:54  Factory  
  19  1:56  Marine  
  20  2:19  Command Center  
  20  2:27  SCV, Supply Depot, Refinery  
  21  2:32  Barracks Reactor  
  21  2:45  Widow Mine  
  21  2:48  SCV  
  23  3:29  Barracks Reactor  
  23  3:30  SCV  
  23  3:33  Starport  
  28  3:34  Hellion x2  
  28  3:37  Orbital Command  
  28  3:43  SCV  
  29  3:55  SCV  
  30  3:58  Hellion x2  
  30  3:59  Armory  
  34  4:07  SCV  
  35  4:14  Liberator  
  38  4:21  Supply Depot  
  38  4:22  SCV  
  38  4:23  SCV  
  40  4:26  Hellion x2  
  40  4:28  Marine  
  40  4:31  Marine  
  46  4:43  SCV x2  
  48  4:47  Supply Depot  
  48  4:49  Supply Depot  
  48  5:00  Terran Vehicle Weapons Level 1  
  48  5:27  Barracks Reactor  
  48  5:55  Factory Tech Lab  
  48  5:57  Barracks  
  45  5:58  Liberator  
  45  5:59  Liberator  
  51  6:16  Refinery  
  51  6:18  SCV x2  
  53  6:21  Siege Tank  
  53  6:22  Marine  
  53  6:23  Marine  
  58  6:30  SCV  
  58  6:31  Supply Depot  
  58  6:32  Supply Depot  
  59  6:39  Engineering Bay  
  59  6:41  Marine  
  59  6:42  Engineering Bay, Marine  
  61  6:51  SCV x2  
  63  7:01  Siege Tank  
  63  7:02  Marine x2  
  63  7:03  Marine x2  
  70  7:16  Sensor Tower  
  70  7:18  SCV  
  70  7:19  SCV  
  70  7:21  Marine x2  
  74  7:24  Terran Infantry Armor Level 1  
  74  7:25  Terran Infantry Weapons Level 1  
  74  7:29  Refinery  
  74  7:30  SCV  
  74  7:32  Marine x2  
  74  7:34  Viking x2  
  81  7:45  SCV x2  
  83  7:53  Command Center  
  83  7:58  SCV x2  
  85  8:03  Marine  
  86  8:17  Marine x3  
  86  8:18  SCV  
  90  8:20  Supply Depot  
  90  8:21  Supply Depot  
  90  8:22  Supply Depot, Siege Tank  
  93  8:28  Barracks  
  93  8:32  Barracks  
  93  8:49  Medivac x2  
  97  9:32  Armory  
  97  9:35  Supply Depot x2  
  97  9:39  Planetary Fortress  
  97  9:45  Barracks Tech Lab  
  91  9:54  Terran Infantry Armor Level 2, Terran Infantry Weapons Level 2  
  91  9:55  Barracks Tech Lab  
  91  10:01  Missile Turret  
  91  10:06  Viking x2  
  95  10:07  Missile Turret  
  91  10:23  Terran Vehicle And Ship Armor Level 1  
  91  10:29  Missile Turret  
  91  10:30  Missile Turret  
  91  10:31  Missile Turret  
  91  10:32  Missile Turret  
  91  10:40  Terran Vehicle Weapons Level 2  
  91  10:44  Marine x3  
  91  10:45  Marine  
  95  11:02  Marine x4  
  95  11:04  Refinery  
  99  11:06  Concussive Shells  
  99  11:08  Combat Shield  
  99  11:15  Medivac x2  
  103  11:29  Missile Turret  
  103  11:30  Missile Turret  
  103  11:32  Missile Turret, Sensor Tower  
  103  11:35  SCV x3  
  103  11:38  Marine x3  
  109  11:41  Marine  
  110  11:47  SCV x3  
  110  11:49  Supply Depot  
  113  11:54  Marine x2  
  113  11:59  SCV  
  116  12:10  Hi-Sec Auto Tracking  
  116  12:19  Marine x2  
  116  12:20  Marine x4  
  122  12:23  Terran Infantry Armor Level 3  
  122  12:37  Marine x2  
  122  12:39  Marauder x2, Marine x2  
  130  12:55  Marine  
  131  13:00  Marauder  
  131  13:07  Terran Infantry Weapons Level 3  
  106  13:33  Marine x3  
  106  13:34  Marine x3  
  93  13:44  Medivac x2  
  93  13:46  Siege Tank  
  100  13:51  Marine x4  
  100  13:52  Marine x2  
  106  14:09  Marine x6  
  83  14:18  Siege Tank  
  80  14:27  Marine x6  
  86  14:44  Refinery, Marine  
  86  14:45  Marine x2  
  89  14:47  Command Center  
  89  14:51  Marine x3  
  92  14:55  Refinery  
  92  14:58  Refinery  
  92  15:02  Medivac, Marine x2  
  92  15:03  Medivac, Marine  
  92  15:04  Siege Tank  
  102  15:09  Marine  
  103  15:28  Marine x4  
  104  15:29  Marauder x2  
Show
View Real Time Build Order
Export as new Build Order

자유의날개 Zerg - Winner!

Build Orders: Pool First, Lurkers 

Get SALT Encoding   

  12  0:02  Drone  
  13  0:11  Drone  
  14  0:18  Overlord  
  14  0:38  Drone x2  
  14  0:39  Drone  
  17  0:50  Drone  
  18  1:01  Drone  
  19  1:12  Drone  
  20  1:23  Drone  
  21  1:28  Spawning Pool  
  20  1:40  Drone  
  21  1:52  Drone  
  21  1:53  Hatchery  
  21  1:55  Drone  
  22  2:08  Overlord  
  22  2:21  Overlord  
  22  2:22  Spine Crawler  
  21  2:31  Hatchery  
  21  2:33  Drone  
  21  2:40  Extractor  
  20  2:46  Drone  
  20  2:49  Extractor  
  20  2:52  Spine Crawler, Drone  
  20  3:06  Drone  
  20  3:09  Queen  
  20  3:10  Drone  
  24  3:17  Drone  
  25  3:23  Drone  
  26  3:32  Drone x2  
  28  3:36  Spine Crawler  
  28  3:39  Lair  
  28  3:41  Drone  
  28  3:42  Drone  
  28  3:47  Queen, Drone  
  32  3:55  Drone x2  
  34  4:01  Evolution Chamber  
  34  4:02  Drone  
  34  4:06  Drone x2  
  36  4:10  Spine Crawler  
  36  4:15  Hatchery  
  34  4:21  Drone x2  
  36  4:26  Evolution Chamber  
  35  4:31  Drone  
  35  4:32  Drone x2  
  35  4:36  Drone x2  
  40  4:39  Drone  
  41  4:50  Drone  
  41  4:51  Spire  
  41  4:53  Extractor  
  41  4:55  Drone  
  41  4:56  Drone x2  
  43  5:02  Evolution Chamber  
  42  5:09  Spine Crawler  
  42  5:10  Drone x3  
  42  5:12  Overlord  
  44  5:16  Spore Crawler  
  43  5:24  Spore Crawler x2  
  43  5:28  Spore Crawler  
  35  5:53  Drone x3  
  38  6:04  Spine Crawler  
  37  6:06  Zerg Flyer Weapons Level 1  
  37  6:07  Mutalisk x3  
  43  6:13  Drone x4  
  47  6:20  Drone x3  
  47  6:21  Queen  
  47  6:24  Drone x2  
  54  6:27  Queen  
  54  6:28  Extractor  
  54  6:29  Overlord  
  55  6:45  Mutalisk  
  55  6:46  Mutalisk x3  
  63  6:48  Overlord  
  63  6:52  Extractor  
  63  6:54  Drone x3  
  63  7:00  Extractor  
  64  7:01  Spore Crawler  
  64  7:08  Drone x6  
  68  7:12  Drone x3  
  72  7:36  Drone x3  
  75  7:37  Overlord  
  75  7:42  Mutalisk x2  
  75  7:43  Overlord  
  75  7:44  Overlord x2  
  79  7:53  Overlord  
  79  7:54  Hydralisk Den  
  78  8:02  Drone, Extractor  
  78  8:03  Drone x2  
  80  8:10  Mutalisk x3  
  80  8:11  Hatchery  
  85  8:17  Drone x4  
  85  8:18  Drone  
  90  8:22  Overlord  
  90  8:31  Infestation Pit  
  89  8:37  Lurker Den  
  89  8:38  Hydralisk x3  
  89  8:39  Hydralisk  
  96  8:44  Pneumatized Carapace  
  96  8:50  Drone x4, Extractor  
  96  8:52  Drone  
  96  8:53  Drone  
  101  8:57  Drone x3  
  101  8:59  Drone  
  105  9:13  Mutalisk  
  105  9:14  Mutalisk  
  109  9:18  Drone  
  109  9:19  Drone x2  
  112  9:24  Spore Crawler  
  112  9:29  Mutalisk x5  
  112  9:30  Mutalisk x2  
  125  9:39  Lurker x2  
  125  9:40  Lurker x2  
  129  9:53  Hive  
  129  10:19  Overlord x3  
  129  10:20  Overlord x2  
  129  10:22  Zerg Flyer Weapons Level 2  
  129  10:28  Spire  
  128  10:29  Overlord  
  128  10:30  Overlord  
  128  10:31  Lair  
  128  10:36  Spawning Pool  
  127  10:46  Hydralisk x4  
  127  10:48  Hydralisk x2  
  139  10:50  Hatchery  
  138  10:59  Hatchery  
  138  11:02  Drone  
  138  11:03  Drone x6  
  144  11:13  Seismic Spines  
  144  11:17  Nydus Network, Lurker  
  144  11:18  Lurker x4  
  147  11:19  Lurker  
  147  11:22  Mutalisk x4  
  147  11:23  Mutalisk x2  
  161  11:40  Zerg Flyer Armor Level 1  
  159  13:41  Overlord x3  
  159  13:42  Overlord  
  159  13:44  Mutalisk x5  
  159  13:45  Mutalisk x4  
  177  13:50  Drone  
  177  13:53  Overlord x2  
  177  13:54  Overlord  
  178  14:03  Adrenal Glands  
  172  14:30  Hydralisk x3  
  172  14:31  Hydralisk x2  
  178  14:37  Drone  
  178  14:38  Drone x2  
  185  14:49  Nydus Canal  
  185  15:00  Lurker x4  
  185  15:01  Lurker  
  185  15:02  Hatchery  
Tags
 
Add a new tag
Caveats
  • Supply blocks, unpowered buildings, or Contaminate may cause inaccurate times.
  • Supply counts are checked every 10 seconds.